Map: Lockdown LE

Players

Gnesh - Winner!

  • Race: Zerg Zerg
  • League: Diamond

Altik

  • Race: Protoss Protoss
  • League: Diamond

VOD

Have the link to the VOD?

Description

Time

  • Played on: Aug. 5, 2026, 7:42 a.m.
  • Length: 12:31
Show
View Real Time Build Order
Export as new Build Order

Gnesh Zerg - Winner!

Build Orders: Hatch First 

Get SALT Encoding   

  8  0:00  Drone  
  9  0:10  Drone  
  10  0:16  Drone  
  11  0:27  Overlord  
  11  0:32  Drone  
  12  0:45  Drone x2  
  14  0:51  Drone  
  15  1:14  Hatchery  
  15  1:16  Drone  
  15  1:18  Drone  
  15  1:24  Drone  
  17  1:38  Spawning Pool  
  17  1:39  Drone  
  17  1:45  Overlord  
  17  1:50  Drone  
  17  1:53  Extractor  
  17  2:00  Drone  
  18  2:09  Drone  
  19  2:23  Drone  
  19  2:26  Queen x2  
  24  2:31  Drone x2  
  24  2:35  Drone  
  27  2:40  Drone  
  28  2:50  Drone x2  
  30  3:01  Drone  
  31  3:07  Hatchery  
  31  3:11  Metabolic Boost  
  31  3:12  Overlord  
  30  3:17  Overlord  
  30  3:19  Drone  
  31  3:20  Drone  
  32  3:31  Drone x3  
  35  3:36  Queen  
  37  3:45  Drone  
  37  3:46  Drone x4  
  42  3:55  Overlord x2  
  42  4:04  Drone  
  43  4:11  Zergling x2  
  43  4:12  Evolution Chamber, Zergling x6  
  43  4:13  Evolution Chamber  
  45  4:21  Extractor  
  45  4:22  Extractor  
  43  4:24  Queen  
  45  4:34  Roach Warren  
  45  4:36  Drone  
  45  4:37  Drone x7  
  52  4:40  Spore Crawler  
  52  4:44  Spore Crawler  
  50  4:49  Drone  
  50  4:50  Drone x7  
  58  4:53  Spore Crawler  
  57  5:01  Zerg Missile Weapons Level 1  
  57  5:20  Zerg Ground Armor Level 1  
  57  5:25  Drone x3  
  57  5:26  Overlord x2  
  57  5:27  Overlord x3  
  60  5:31  Extractor  
  60  5:33  Lair  
  60  5:35  Drone  
  60  5:48  Drone x8  
  60  5:49  Drone x3  
  71  6:05  Extractor x2  
  69  6:19  Roach x12  
  69  6:20  Roach x2  
  69  6:22  Drone  
  99  6:25  Drone  
  99  6:38  Hatchery  
  98  6:46  Ravager  
  98  6:47  Ravager  
  100  7:00  Overlord x5  
  100  7:01  Overlord x9  
  100  7:03  Zerg Missile Weapons Level 2  
  100  7:24  Drone x2  
  102  7:30  Drone  
  102  7:31  Drone x5  
  108  7:39  Zerg Ground Armor Level 2  
  108  7:44  Hydralisk Den, Drone  
  107  7:45  Drone  
  107  7:47  Infestation Pit  
  107  7:54  Roach x6  
  107  7:55  Roach x3  
  124  8:02  Drone  
  124  8:04  Baneling Nest, Roach  
  124  8:05  Roach x4  
  134  8:10  Drone  
  135  8:17  Roach  
  135  8:18  Roach x9  
  155  8:21  Hatchery  
  154  8:31  Roach  
  154  8:32  Roach x7  
  170  8:35  Grooved Spines  
  170  8:39  Lurker Den  
  170  8:40  Hive  
  169  8:42  Burrow  
  169  8:49  Zergling x2  
  169  8:50  Zergling x16  
  178  8:57  Queen  
  178  9:00  Roach  
  178  9:01  Roach x2  
  186  9:18  Centrifugal Hooks  
  186  9:20  Baneling  
  186  9:21  Baneling x4  
  186  9:26  Glial Reconstitution  
  175  9:31  Ravager  
  175  9:35  Roach  
  175  9:36  Roach x14  
  135  10:10  Roach x13  
  135  10:11  Roach x2  
  145  10:21  Ravager  
  145  10:22  Ravager x6  
  145  10:24  Zergling x2  
  145  10:25  Zergling x6  
  146  10:32  Adaptive Talons  
  146  10:33  Zergling x2  
  146  10:34  Zergling x6  
  150  10:57  Zergling x16  
  158  11:10  Zergling x2  
  162  11:11  Zergling x18  
  162  11:13  Baneling  
  155  11:29  Seismic Spines  
  131  11:38  Roach  
  131  11:39  Roach x20  
  146  12:09  Roach  
  146  12:10  Roach x17  
  178  12:16  Ravager x2  
Show
View Real Time Build Order
Export as new Build Order

Altik Protoss 

Build Orders: Oracle Opening, Zealot Archon 

Get SALT Encoding   

  8  0:00  Probe (Chrono Boost)  
  9  0:12  Probe (Chrono Boost)  
  10  0:19  Probe (Chrono Boost)  
  11  0:26  Probe  
  12  0:34  Pylon  
  12  0:38  Probe  
  13  0:52  Probe  
  14  0:58  Gateway  
  14  1:04  Probe  
  15  1:13  Assimilator  
  15  1:16  Probe (Chrono Boost)  
  16  1:28  Probe (Chrono Boost)  
  17  1:33  Probe (Chrono Boost)  
  18  1:42  Probe  
  19  1:53  Nexus  
  19  1:58  Probe  
  20  2:10  Cybernetics Core  
  20  2:13  Probe  
  21  2:20  Pylon  
  21  2:30  Assimilator  
  21  2:38  Probe  
  21  2:41  Pylon  
  22  2:50  Stalker, Probe (Chrono Boost)  
  25  2:51  Warp Gate  
  25  3:02  Probe (Chrono Boost)  
  27  3:09  Stargate, Probe (Chrono Boost)  
  27  3:11  Probe (Chrono Boost)  
  28  3:16  Adept  
  30  3:20  Probe  
  30  3:22  Probe  
  32  3:32  Pylon  
  32  3:39  Probe x2 (Chrono Boost)  
  34  3:49  Adept  
  34  3:51  Probe x2 (Chrono Boost)  
  34  3:52  Oracle  
  41  3:59  Probe x2 (Chrono Boost)  
  43  4:05  Probe x2  
  45  4:16  Twilight Council  
  45  4:17  Probe  
  45  4:21  Probe  
  49  4:26  Pylon  
  49  4:34  Probe x2  
  51  4:38  Oracle  
  51  4:39  Adept  
  54  4:46  Probe x2  
  56  4:53  Pylon  
  56  4:54  Charge (Chrono Boost)  
  56  5:01  Nexus, Pylon  
  56  5:05  Probe x2  
  58  5:11  Gateway  
  58  5:12  Gateway  
  58  5:15  Gateway  
  58  5:18  Forge  
  58  5:20  Probe  
  59  5:26  Shield Battery  
  59  5:28  Shield Battery  
  59  5:38  Adept, Probe  
  59  5:41  Pylon  
  62  5:44  Probe  
  63  5:51  Probe  
  63  5:56  Probe  
  65  6:03  Probe  
  66  6:06  Protoss Ground Weapons Level 1 (Chrono Boost)  
  66  6:08  Zealot x3  
  66  6:09  Zealot  
  75  6:11  Probe  
  75  6:15  Probe  
  75  6:16  Pylon  
  75  6:17  Probe  
  77  6:18  Pylon  
  77  6:19  Assimilator  
  77  6:20  Templar Archives  
  77  6:21  Assimilator  
  77  6:25  Gateway  
  77  6:26  Gateway  
  77  6:31  Probe x3  
  80  6:33  Zealot x2  
  80  6:36  Zealot  
  80  6:37  Zealot  
  88  6:43  Probe x3  
  91  6:47  Pylon x2  
  91  7:08  Zealot x2  
  91  7:09  Zealot  
  91  7:10  Zealot  
  91  7:12  High Templar  
  91  7:13  High Templar  
  91  7:15  Assimilator  
  103  7:18  Pylon  
  103  7:19  Assimilator  
  103  7:23  Shield Battery  
  103  7:24  Gateway  
  103  7:26  Gateway  
  103  7:27  Gateway  
  103  7:29  High Templar  
  105  7:31  Zealot x3  
  105  7:32  Zealot  
  105  7:33  Zealot  
  115  7:43  Probe x2  
  115  7:44  Probe  
  118  7:51  Pylon  
  118  7:53  Pylon  
  118  7:54  Archon, Pylon  
  118  7:55  Zealot x2, Probe  
  118  7:57  High Templar x2, Zealot x2  
  131  7:58  Probe  
  131  7:59  Probe  
  131  8:05  Protoss Ground Weapons Level 2 (Chrono Boost)  
  133  8:09  Zealot  
  135  8:13  Zealot  
  135  8:14  Zealot  
  135  8:16  Pylon  
  135  8:18  Pylon  
  139  8:26  Zealot x2  
  139  8:27  Zealot x4  
  147  8:28  Zealot x3  
  147  8:33  Pylon  
  157  8:36  Pylon  
  157  8:40  Shield Battery  
  157  8:44  Forge  
  157  8:48  Robotics Facility  
  157  8:51  Probe x2  
  157  8:52  High Templar x2  
  157  8:53  High Templar x2  
  167  8:58  Zealot  
  167  8:59  Zealot x3  
  175  9:16  Archon  
  175  9:17  Zealot x4  
  175  9:18  Zealot x5  
  171  9:32  Zealot x3  
  171  9:33  Zealot x3  
  171  9:38  Archon x2  
  117  9:50  Zealot x2  
  117  9:51  Zealot x5  
  117  9:52  Zealot x2  
  111  10:04  Zealot x3  
  99  10:09  Probe x2  
  96  10:17  High Templar x2  
  96  10:19  Immortal  
  96  10:20  Zealot x5  
  108  10:27  Probe x2  
  108  10:28  Shield Battery  
  106  10:31  Shield Battery  
  106  10:33  High Templar (Chrono Boost)  
  110  10:37  High Templar (Chrono Boost)  
  110  10:41  High Templar x2 (Chrono Boost)  
  110  10:42  Protoss Ground Armor Level 1 (Chrono Boost), High Templar (Chrono Boost)  
  118  10:50  High Templar (Chrono Boost)  
  118  10:56  Zealot x2 (Chrono Boost)  
  118  10:57  Zealot x2 (Chrono Boost)  
  118  10:59  Zealot (Chrono Boost)  
  118  11:03  Pylon  
  128  11:05  Archon x2  
  128  11:07  Zealot x3  
  128  11:10  Immortal  
  138  11:14  Zealot x2  
  142  11:19  Archon  
  142  11:24  Archon  
  127  11:32  Zealot x6  
  114  11:33  Zealot, High Templar x2  
  106  11:45  Zealot  
  106  11:46  Zealot x3  
  98  11:59  Zealot x4  
  98  12:00  Archon  
  81  12:09  Zealot x2  
  81  12:10  High Templar  
Tags
 
Add a new tag
Caveats
  • Supply blocks, unpowered buildings, or Contaminate may cause inaccurate times.
  • Supply counts are checked every 10 seconds.